Map: Distrito de Newkirk TE (Grande Vazio)

Players

DuckKiller - Winner!

  • Race: Protoss Protoss
  • League: Diamond
  • Spawn Location: 7:00

efelinto

  • Race: Protoss Protoss
  • League: Diamond
  • Spawn Location: 5:00

VOD

Have the link to the VOD?

Description

Time

  • Played on: April 26, 2017, 6:56 p.m.
  • Length: 6:06
Show
View Real Time Build Order
Export as new Build Order

DuckKiller Protoss - Winner!

Build Orders: Oracle Opening 

Get SALT Encoding   

  12  0:01  Probe (Chrono Boost)  
  13  0:11  Probe (Chrono Boost)  
  14  0:22  Probe (Chrono Boost), Pylon  
  15  0:40  Probe (Chrono Boost)  
  15  0:41  Gateway  
  16  0:45  Assimilator  
  16  0:51  Probe (Chrono Boost)  
  16  0:53  Assimilator  
  17  1:01  Probe (Chrono Boost)  
  18  1:05  Pylon  
  18  1:12  Probe (Chrono Boost)  
  19  1:22  Probe (Chrono Boost)  
  20  1:29  Cybernetics Core  
  20  1:33  Probe (Chrono Boost)  
  21  1:43  Probe (Chrono Boost)  
  22  1:47  Gateway  
  23  1:54  Probe (Chrono Boost)  
  23  2:02  Adept  
  23  2:06  Probe (Chrono Boost)  
  23  2:07  Warp Gate  
  26  2:18  Stargate  
  26  2:29  Pylon  
  26  2:35  Adept  
  28  2:53  Gateway, Adept  
  28  2:57  Gateway  
  30  3:00  Oracle  
  33  3:37  Oracle  
  33  3:41  Probe (Chrono Boost)  
  34  3:45  Pylon  
  35  3:53  Probe (Chrono Boost)  
  34  4:05  Probe (Chrono Boost)  
  35  4:23  Probe (Chrono Boost)  
  36  4:37  Nexus  
  36  4:50  Probe (Chrono Boost)  
  36  4:52  Oracle  
  40  5:01  Pylon  
  40  5:02  Probe (Chrono Boost)  
  41  5:07  Assimilator  
  41  5:12  Assimilator  
  42  5:14  Pylon  
  43  5:21  Mothership Core (Chrono Boost)  
  43  5:23  Oracle  
  43  5:26  Stalker x4  
  52  5:34  Pylon  
  53  5:43  Probe (Chrono Boost)  
  53  5:53  Probe (Chrono Boost)  
  53  5:55  Probe (Chrono Boost)  
  52  6:05  Pylon  
Show
View Real Time Build Order
Export as new Build Order

efelinto Protoss 

Build Orders: 1 Gate Expand 

Get SALT Encoding   

  12  0:01  Probe (Chrono Boost)  
  13  0:12  Probe (Chrono Boost)  
  14  0:20  Pylon  
  14  0:22  Probe (Chrono Boost)  
  15  0:38  Probe (Chrono Boost)  
  15  0:39  Gateway  
  16  0:48  Probe (Chrono Boost)  
  17  0:51  Assimilator  
  17  0:59  Probe (Chrono Boost)  
  18  1:10  Probe (Chrono Boost)  
  19  1:20  Probe (Chrono Boost)  
  20  1:28  Cybernetics Core  
  20  1:38  Nexus  
  20  1:46  Probe (Chrono Boost)  
  21  1:56  Warp Gate  
  21  2:02  Pylon  
  21  2:04  Probe (Chrono Boost)  
  22  2:16  Stalker  
  22  2:17  Assimilator  
  24  2:29  Probe (Chrono Boost)  
  25  2:39  Gateway  
  25  2:41  Gateway  
  25  2:43  Gateway  
  25  2:46  Pylon  
  25  2:51  Pylon  
  25  3:03  Probe (Chrono Boost)  
  25  3:04  Probe (Chrono Boost)  
  27  3:11  Forge  
  27  3:16  Probe (Chrono Boost)  
  27  3:18  Mothership Core (Chrono Boost)  
  28  3:39  Pylon  
  27  3:46  Probe (Chrono Boost)  
  27  3:47  Probe (Chrono Boost)  
  27  3:50  Pylon  
  26  3:56  Probe (Chrono Boost)  
  26  3:58  Probe (Chrono Boost)  
  28  4:07  Probe (Chrono Boost)  
  28  4:09  Probe (Chrono Boost)  
  20  4:28  Photon Cannon  
  20  4:35  Probe (Chrono Boost)  
  20  4:36  Probe (Chrono Boost)  
  15  4:59  Probe x2 (Chrono Boost)  
  17  5:10  Probe x2 (Chrono Boost)  
  19  5:20  Probe (Chrono Boost)  
  20  5:26  Probe (Chrono Boost)  
  20  5:31  Probe (Chrono Boost)  
  21  5:37  Probe (Chrono Boost)  
  21  5:41  Probe (Chrono Boost)  
  23  5:48  Probe (Chrono Boost)  
Tags
 
Add a new tag
Caveats
  • Supply blocks, unpowered buildings, or Contaminate may cause inaccurate times.
  • Supply counts are checked every 10 seconds.